 Dungeon Crawl Stone Soup version 0.30-a0-760-g5a9884bb7c (webtiles) character file.

Game seed: 4772664180640813942

452 BRD the Ducker (level 6, -2/49 HPs)
             Began as a Demonspawn Gladiator on Feb 11, 2023.
             Slain by an ogre
             ... wielding a +0 giant spiked club
              (8 damage)
             ... on level 4 of the Dungeon.
             The game lasted 00:06:32 (2998 turns).

BRD the Ducker (Demonspawn Gladiator)               Turns: 2998, Time: 00:06:33

Health: -2/49      AC: 13    Str: 14    XL:     6   Next: 75%
Magic:  6/6        EV: 12    Int: 11    God:
Gold:   199        SH:  0    Dex: 15    Spells: 5/5 levels left

rFire   + . .      SeeInvis .    a - +0 war axe
rCold   . . .      Faith    .    s - orb {*Rage}
rNeg    . . .      Spirit   .    u - +1 ring mail {rF+}
rPois   .          Reflect  .    c - +0 helmet
rElec   .          Harm     .    h - +0 cloak
rCorr   .          Rampage  .    (no gloves)
Will    .....      Rage     20%  (no boots)
Stlth   +                        m - amulet of magic regeneration
HPRegen 0.28/turn                g - +4 ring of protection
MPRegen 0.50/turn                l - ring of wizardry

@: on berserk cooldown
A: rugged brown scales 1, foul stench 1
a: no special abilities


You were on level 4 of the Dungeon.
You visited 1 branch of the dungeon, and saw 5 of its levels.

You collected 199 gold pieces.

Inventory:

Hand Weapons
 a - a +0 war axe (weapon)
Missiles
 d - 3 throwing nets
 e - a javelin (quivered)
Armour
 c - a +0 helmet (worn)
 h - a +0 cloak (worn)
 s - an orb of wrath (worn)
 u - a +1 ring mail of fire resistance (worn)
Jewellery
 g - a +4 ring of protection (left hand)
 l - a ring of wizardry (right hand)
 m - an amulet of magic regeneration (around neck)
Wands
 q - a wand of iceblast (7)
 t - a wand of quicksilver (7)
Scrolls
 b - a scroll of silence {unknown}
 i - a scroll of magic mapping {unknown}
 o - 2 scrolls of teleportation {unknown}
 p - 7 scrolls of identify {unknown}
 r - a scroll of poison {unknown}
Potions
 f - 3 potions of lignification {unknown}
 j - 2 potions of heal wounds {unknown}
 k - a potion of might {unknown}
 n - a potion of mutation {unknown}


   Skills:
 + Level 4.1 Fighting
 + Level 4.2 Axes
 - Level 2.0 Throwing
 + Level 2.3 Armour
 + Level 4.2 Dodging


You had 5 spell levels left.
You didn't know any spells.
Your spell library contained the following spells:

 Spells                   Type           Power      Damage    Failure   Level
 Summon Small Mammal      Summ           0%         N/A       26%         1
 Call Canine Familiar     Summ           0%         N/A       61%         3
 Gell's Gravitas          Tloc           0%         N/A       61%         3
 Summon Guardian Golem    Hex/Summ       0%         N/A       61%         3
 Teleport Other           Tloc           0%         N/A       61%         3
 Vhi's Electric Charge    Tloc/Air       0%         N/A       61%         3
 Arcjolt                  Conj/Air       0%         1d10      99%         5
 Dispersal                Tloc           0%         N/A       100%        6
 Borgnjor's Revivificati  Necr           0%         N/A       100%        8
 Maxwell's Capacitive Co  Air            0%         ∞         100%        8
 Necromutation            Tmut/Necr      0%         N/A       100%        8
 Death's Door             Necr           0%         N/A       100%        9


Dungeon Overview and Level Annotations

Branches:
Dungeon (5/15)
 Temple: D:4-7

Altars:

Annotations:
D:2 Robin, Sigmund
D:5 Menkaure, Prince Ribbit


Innate Abilities, Weirdness & Mutations

You are partially covered in rugged brown scales. (AC +1, +3% HP)
You may rarely emit foul miasma when damaged in melee.


Message History

You kill the orc!
No target in view!
You start resting.
You feel a strong urge to attack something.
You start resting.
You feel your anger nearly subside.
You are no longer berserk.
You are exhausted.
You feel yourself slow down.
You start resting.
HP restored.
You climb downwards.
Level annotation: Menkaure, Prince Ribbit Prince Ribbit closely misses you.
The adder bites you but does no damage. Prince Ribbit closely misses you.
The adder closely misses you. The ogre barely misses you.
The worm completely misses you.
Prince Ribbit blinks!
The adder barely misses you.
There is a stone staircase leading up here.
The adder barely misses you.
Menkaure calls on the powers of darkness!
Prince Ribbit convulses!
Your body is wracked with pain!
The ogre convulses!
The ogre hits you with a +0 giant spiked club!
* * * LOW HITPOINT WARNING * * *
The worm closely misses you. The adder bites you but does no damage.
You climb upwards.
There is a stone staircase leading down here.
You are too injured to fight recklessly!
You are too injured to fight recklessly!
You slash the ogre!
The ogre is severely wounded.
You hit the adder. The adder bites you but does no damage.
The ogre hits you with a +0 giant spiked club!
* * * LOW HITPOINT WARNING * * *
The adder closely misses you.
You barely miss the ogre.
The ogre is severely wounded.
You closely miss the adder.
You feel yourself speed up. The adder bites you but does no damage.
The ogre hits you with a +0 giant spiked club!
You die...

#.##. #.##. #.##. #.##.
#.### #.# # #.# #
############# #.# #
#....S@Ow...#######.###
#.######.....(.........
#.# #.##.......#####
#.# #.########.# # #.#
#.# #.## # #.### #.#
#..# # #...# #.#
##.#### ###.# #.#
#.#... #.# #)# #.#.##


You could see an ogre, a worm and an adder.

Vanquished Creatures
  Edmund (D:4)
  A necrophage (D:4)
  A howler monkey (D:4)
  2 hounds (D:4)
  Natasha (D:3)
  An orc wizard (D:4)
  4 gnolls (D:4)
  2 adders
  A dart slug (D:4)
  7 orcs
  10 ball pythons
  6 endoplasms
  3 giant cockroaches
  6 goblins
  4 hobgoblins
  2 kobolds
  2 quokkas (D:3)
  7 bats
  2 frilled lizards (D:1)
  5 rats
68 creatures vanquished.

Notes
Turn   | Place    | Note
-------+----------+-------------------------------------------
     0 | D:1      | BRD the Demonspawn Gladiator began the quest for the Orb.
     0 | D:1      | Reached XP level 1. HP: 16/16 MP: 1/1
    75 | D:1      | Gained mutation: You may rarely emit foul miasma when
                  | damaged in melee. [demonic ancestry]
    75 | D:1      | Reached XP level 2. HP: 22/22 MP: 2/2
   672 | D:2      | Noticed Sigmund
  1217 | D:2      | Noticed Robin
  1318 | D:3      | Gained mutation: You are partially covered in rugged brown
                  | scales. (AC +1, +3% HP) [demonic ancestry]
  1318 | D:3      | Reached XP level 3. HP: 23/28 MP: 3/3
  1734 | D:3      | Found a faded altar of an unknown god.
  1826 | D:3      | Noticed Natasha
  1831 | D:3      | Killed Natasha
  1832 | D:3      | Reached XP level 4. HP: 33/36 MP: 4/4
  2492 | D:4      | Noticed a necrophage
  2500 | D:4      | Killed a necrophage
  2501 | D:4      | Reached skill level 1 in Armour
  2501 | D:4      | Reached XP level 5. HP: 34/42 MP: 5/5
  2554 | D:4      | Noticed Edmund
  2563 | D:4      | Killed Edmund
  2564 | D:4      | Reached XP level 6. HP: 45/49 MP: 6/6
  2927 | D:5      | Entered Level 5 of the Dungeon
  2931 | D:5      | Noticed Menkaure
  2971 | D:5      | Noticed Prince Ribbit
  2998 | D:4      | Slain by an ogre

Illustrated notes

Levels and vault maps discovered:
D:1:      roderic_octagonal_star, layout_rooms, minmay_liquid_box,
          chequers_jeans
D:2:      layout_loops_ring, uniq_sigmund, uniq_robin, uniq_crazy_yiuf_cottage
D:3:      layout_basic, basic_ecumenical_altar, uniq_natasha
D:4:      layout_loops_ring, uniq_edmund
D:5:      kennysheep_spiral_hall, layout_rooms, nicolae_overflow_crystal_walls,
          corexii_hall_statues_x, uniq_prince_ribbit1, uniq_menkaure

Skill      XL: |  1  2  3  4  5  6 |
---------------+-------------------+-----
Throwing       | 2 |  2.0
Axes           | 3 4 |  4.2
Dodging        | 3 4 |  4.2
Fighting       | 3 4 |  4.1
Armour         | 1 2 |  2.3

Action                     |  1- 3 |  4- 6 || total
---------------------------+-------+-------++-------
  Melee: War axe           |   102 |    73 ||   175
         Punch             |     2 |       ||     2
  Evoke: Wand              |       |     4 ||     4
 Armour: Leather armour    |    50 |       ||    50
         Chain mail        |       |    28 ||    28
         Ring mail         |       |    29 ||    29
  Dodge: Dodged            |    76 |    40 ||   116

Table legend: (Time is in decaauts)
 A = Elapsed time spent in this place.
 B = Non-inter-level travel time spent in this place.
 C = Inter-level travel time spent in this place.
 D = Time resting spent in this place.
 E = Time spent auto-exploring this place.
 F = Levels seen in this place.
 G = Mean time per level.
                   A        B        C        D        E       F      G
               +--------+--------+--------+--------+--------+-----+--------+
         Total |   3098 |   2886 |    212 |     96 |   2022 |   5 |  619.6 |
       Dungeon |   3098 |   2886 |    212 |     96 |   2022 |   5 |  619.6 |
               +--------+--------+--------+--------+--------+-----+--------+

Top non-repeatable levels by time:
     D:3: 955 daAuts
     D:4: 886 daAuts
     D:2: 667 daAuts
     D:1: 573 daAuts
     D:5: 17 daAuts
